 Dungeon Crawl Stone Soup version 0.17-a0-649-g87edefa (webtiles) character file.

108 xeno23 the Skirmisher (level 4, -8/35 HPs)
             Began as a Demonspawn Abyssal Knight on Apr 16, 2015.
             Was a Believer of Lugonu.
             Mangled by an iron imp (11 damage)
             ... summoned by Natasha
             ... on level 2 of the Dungeon on Apr 17, 2015.
             The game lasted 00:08:42 (2423 turns).

xeno23 the Skirmisher (Demonspawn Abyssal Knight)   Turns: 2423, Time: 00:08:43

Health: -8/35      AC:  3    Str: 14    XL:     4   Next: 58%
Magic:  6/6        EV: 12    Int: 13    God:    Lugonu [**....]
Gold:   73         SH:  0    Dex: 12    Spells: 0 memorised, 3 levels left

rFire  . . .     SeeInvis .     a - +1 falchion
rCold  . . .     Clarity  .     b - +0 leather armour
rNeg   . . .     SustAb   .     (no shield)
rPois  .         Gourm    .     (no helmet)
rElec  .         Spirit   .     (no cloak)
rCorr  .         Warding  .     (no gloves)
rMut   .         Stasis   .     (no boots)
MR     .....                    (no amulet)
Stlth  +.........               (no ring)
                                (no ring)

@: slowed, very slow, not resistant to hostile enchantments, very unstealthy
A: claws 1
a: Depart the Abyss, Bend Space, Renounce Religion


You were on level 2 of the Dungeon.
You worshipped Lugonu.
Lugonu was pleased with you.
You were not hungry.

You visited 1 branch of the dungeon, and saw 2 of its levels.
You visited the Abyss 1 time.

You collected 73 gold pieces.

Inventory:

Hand weapons
 a - a +1 falchion (weapon)
 h - a +0 trident
 j - a +0 hunting sling
 p - a +0 dagger of draining
Missiles
 l - 38 stones (quivered)
Armour
 b - a +0 leather armour (worn)
Scrolls
 d - 4 scrolls of teleportation {unknown}
 i - 2 scrolls of identify {unknown}
 k - a scroll of magic mapping {unknown}
 m - 2 scrolls of noise {unknown}
 o - a scroll of enchant armour {unknown}
Potions
 e - a potion of brilliance {unknown}
 n - a potion of curing {unknown}
Comestibles
 c - 5 bread rations
 f - 4 chunks of flesh
 g - a meat ration


   Skills:
 + Level 3.5 Fighting
 + Level 2.5 Long Blades
 + Level 2.5 Armour
 + Level 1.8 Dodging
 + Level 3.4 Invocations


You had 3 spell levels left.
You didn't know any spells.

Dungeon Overview and Level Annotations

Branches:
Dungeon (2/15)

Altars:
Xom

Annotations:
D:2 Natasha


Innate Abilities, Weirdness & Mutations

You have sharp fingernails.


Message History

You take 2 damage.
You barely miss Natasha. Natasha stares at you.
You feel troubled.
Natasha zaps a wand.
You feel as though you will be slow longer.
The iron imp hits you but does no damage.
Natasha claws you.
* * * LOW HITPOINT WARNING * * *
You take 5 damage.
You closely miss Natasha. The iron imp hits you.
* * * LOW HITPOINT WARNING * * *
Natasha barely misses you.
Natasha zaps a wand.
You resist with some effort. The iron imp barely misses you.
You take 3 damage.
Unknown command.
You barely miss Natasha.
The crimson imp blinks!
Natasha zaps a wand.
You feel as though you will be slow longer.
The iron imp hits you!
You die...

#.# #......#.##...#
#.......). #.#
#.............#####.........
#.#
###+#.#...........'......>..
..##
......####.#####.....##'#
...#
#......##..........###.##.#
##.# .###......#..######
#.##.# .#
....##..##.########..#.. #
.#....5.#............#.#
#(...h@...........>....
....(..5(#.#.####...#)#+#
..#5........# #.........
........#.### #.........
########### #.........
###......... #...........
#........... #...........


You could see an iron imp, Natasha and 2 crimson imps.

Vanquished Creatures
  Ijyb (D:2)
  4 adders (D:2)
  2 worms (D:2)
  3 giant geckos
  A giant cockroach (D:1)
  5 hobgoblins
  2 quokkas (D:2)
  A ball python (D:1)
  4 bats
  3 giant newts (D:1)
  6 goblins
  3 kobolds
  4 rats
39 creatures vanquished.

Vanquished Creatures (others)
  2 starspawn tentacles (Abyss:1)
2 creatures vanquished.

Grand Total: 41 creatures vanquished

Notes
Turn   | Place    | Note
--------------------------------------------------------------
     0 | Abyss:1  | xeno23, the Demonspawn Abyssal Knight, began the quest for the Orb.
     0 | Abyss:1  | Reached XP level 1. HP: 18/18 MP: 2/2
    19 | Abyss:1  | Found a corrupted altar of Lugonu.
    37 | Abyss:1  | Noticed a tentacled starspawn
    45 | D:1      | Escaped the Abyss
   105 | D:1      | Acquired Lugonu's first power
   150 | D:1      | Reached skill level 1 in Dodging
   346 | D:1      | Found a shimmering altar of Xom.
   361 | D:1      | Gained mutation: You have sharp fingernails. [demonic ancestry]
   361 | D:1      | Reached XP level 2. HP: 20/24 MP: 3/3
   772 | D:1      | Upgraded the game from 0.17-a0-627-g5cb7d3e to 0.17-a0-649-g87edefa
  1066 | D:2      | Noticed Ijyb
  1082 | D:2      | Killed Ijyb
  1082 | D:2      | Reached XP level 3. HP: 9/29 MP: 5/5
  1596 | D:2      | Reached XP level 4. HP: 32/35 MP: 6/6
  1985 | D:2      | Acquired Lugonu's second power
  2406 | D:2      | Noticed Natasha
  2423 | D:2      | Mangled by an iron imp

Action                   |  1- 3 |  4- 6 || total
-------------------------+-------+-------++-------
Melee: Falchion          |   120 |    57 ||   177
Throw: Stone             |     2 |    13 ||    15
Invok: Depart the Abyss  |     1 |       ||     1
  Use: Potion            |     1 |     1 ||     2
  Eat: Chunk             |     2 |     3 ||     5
